 Dungeon Crawl Stone Soup version 0.29-a0-816-g82769f0e0c (webtiles) character file.

Game seed: 9284009258745979029

340 Garessta the Changer (level 6, 0/26 HPs)
             Began as a Felid Transmuter on July 5, 2022.
             Was a Believer of Dithmenos.
             Killed from afar by Ijyb (5 damage)
             ... with a puff of flame
             ... on level 4 of the Dungeon.
             The game lasted 00:16:51 (7262 turns).

Garessta the Changer (Felid Transmuter)             Turns: 7262, Time: 00:16:52

Health: 0/26       AC:  2    Str:  6    XL:     6   Next: 30%
Magic:  11/11      EV: 17    Int: 17    God:    Dithmenos [**....]
Gold:   102        SH:  0    Dex: 16    Spells: 0/10 levels left
                                        Lives:  0   Deaths: 1

rFire   . . .      SeeInvis +     - Unarmed
rCold   . . .      Faith    .   (shield unavailable)
rNeg    . . .      Spirit   .   (body armour unavailable)
rPois   +          Reflect  .   (helmet unavailable)
rElec   .          Harm     .   (cloak unavailable)
rCorr   .          Rampage  .   (gloves unavailable)
Will    .....                   (boots unavailable)
Stlth   ++........              (no amulet)
HPRegen 0.08/turn               f - ring of poison resistance
MPRegen 0.12/turn               (no ring)

@: appendages, wreathed by umbra, quick
A: horns 2, very small, claws 1, fangs 3, see invisible, speed 1, shaggy fur 2,
stealthy paws, no weapons or thrown items, no armour, multi-lived
a: End Transformation, Renounce Religion, Shadow Step


You were on level 4 of the Dungeon.
You worshipped Dithmenos.
Dithmenos was pleased with you.
You had temporarily grown beastly horns.
You visited 1 branch of the dungeon, and saw 4 of its levels.

You collected 102 gold pieces.

Inventory:

Jewellery
 f - a ring of poison resistance (left paw)
Wands
 a - a wand of flame (24)
Scrolls
 c - a scroll of poison {unknown}
 d - a scroll of fog {unknown}
 h - 5 scrolls of enchant weapon
 i - 2 scrolls of amnesia {unknown}
Potions
 b - 2 potions of might {unknown}
 e - a potion of haste
 g - a potion of curing


   Skills:
 - Level 2.1 Fighting
 - Level 2.6 Dodging
 - Level 3.6 Unarmed Combat
 - Level 2.7 Spellcasting
 + Level 5.5 Transmutations
 + Level 3.5 Ice Magic


You couldn't memorise any spells.
You knew the following spells:

 Your Spells              Type           Power      Damage    Failure   Level
a - Beastly Appendage     Tmut           42%        N/A       1%          1
b - Wereblood             Tmut           21%        N/A       2%          2
c - Spider Form           Tmut/Pois      11%        N/A       17%         3
d - Ice Form              Ice/Tmut       17%        N/A       28%         4

Your spell library contained the following spells:

 Spells                   Type           Power      Damage    Failure   Level
 Passwall                 Tmut/Erth      9%         N/A       9%          2
 Ensorcelled Hibernation  Hex/Ice        16%        N/A       13%         2
 Swiftness                Air            2%         N/A       47%         3


Dungeon Overview and Level Annotations

Branches:
Dungeon (4/15)
 Temple: D:4-7

Altars:
Ashenzari
Dithmenos

Annotations:
D:4 Ijyb


Innate Abilities, Weirdness & Mutations

You have temporarily grown beastly horns.
You have sharp claws.
You have razor-sharp teeth.
You have supernaturally acute eyesight. (SInv)
You cover ground quickly. (Speed+)
You are covered in thick fur. (AC +2)
Your paws help you pounce on unaware monsters.
You are incapable of wielding weapons or throwing items.
You cannot wear armour.
You gain extra lives every three experience levels.


Message History

You grow a pair of large bovine horns.
You kill the hobgoblin!
Dithmenos accepts your kill.
You see here a potion of attraction.
h - 5 scrolls of enchant weapon (gained 1)
Your transformation is almost over.
Your horns disappear.
Ijyb the Twisted Goblin comes into view.
She is wielding a +0 dagger and carrying a wand of flame (22).
Casting: Beastly Appendage (safe; 1% risk of failure)
Confirm with . or Enter, or press ? or * to list all spells.
You grow a pair of large bovine horns.
Ijyb shouts!
Unknown command.
Ijyb misses you.
You see here 14 gold pieces.
You scratch Ijyb.
Ijyb is lightly wounded.
Ijyb zaps a wand.
The puff of flame hits you.
You scratch Ijyb.
Ijyb is moderately wounded.
Ijyb hits you with a +0 dagger.
You barely miss Ijyb. You bite Ijyb.
Ijyb is heavily wounded.
You closely miss Ijyb. Your bite misses Ijyb.
Ijyb is heavily wounded.
Ijyb hits you with a +0 dagger.
You scratch Ijyb but do no damage. You headbutt Ijyb.
Ijyb is severely wounded.
Ijyb hits you with a +0 dagger.
You scratch Ijyb.
Ijyb is severely wounded.
Ijyb zaps a wand.
The puff of flame hits you!
* * * LOW HITPOINT WARNING * * *
Press: ? - help, v - describe, . - travel
Here: Ijyb, wielding a +0 dagger, wearing a +0 leather armour and carrying a wand of flame (20) (severely wounded, umbra)
The floor.
You closely miss Ijyb.
Ijyb is severely wounded.
Ijyb zaps a wand.
The puff of flame hits you.
You die...

#.# #.# #.# #.#
#### #.# ... #.#
#.######.## #
#.......@.# #
#..#..####g.# #
##.##.##..##..#
#
#..#..#..†.#....
# #..#...!#..#
##.# #
##..##..##.##
..... #
#....####..#...#
. ## #
#.#..........#
#.#.
#......#####


You could see Ijyb.

Vanquished Creatures
  2 scorpions
  A gnoll sergeant (D:3)
  A hound (D:4)
  Crazy Yiuf (D:3)
  An iguana (D:4)
  9 gnolls
  4 adders
  A worm (D:4)
  3 dart slugs
  An orc (D:3)
  5 ball pythons
  8 bats
  10 endoplasms
  6 giant cockroaches
  8 goblins
  5 hobgoblins
  17 jackals
  3 quokkas
  3 frilled lizards
  9 kobolds
  8 rats
106 creatures vanquished.

Notes
Turn   | Place    | Note
-------+----------+-------------------------------------------
     0 | D:1      | Garessta the Felid Transmuter began the quest for the Orb.
     0 | D:1      | Reached XP level 1. HP: 9/9 MP: 4/4
   174 | D:1      | Reached XP level 2. HP: 8/12 MP: 4/6
   177 | D:1      | Learned a level 2 spell: Wereblood
  1375 | D:1      | Reached XP level 3. HP: 16/16 MP: 5/7
  1379 | D:1      | Learned a level 3 spell: Spider Form
  1864 | D:2      | Found a broken altar of Ashenzari.
  2492 | D:2      | Reached skill level 3 in Transmutations
  2492 | D:2      | Reached XP level 4. HP: 18/19 MP: 5/8
  2995 | D:2      | Found a faded altar of an unknown god.
  3006 | D:2      | Prayed at the altar of an unknown god.
  3006 | D:2      | Became a worshipper of Dithmenos the Shadowed
  3006 | D:2      | Reached * piety under Dithmenos
  3220 | D:3      | Noticed a gnoll sergeant
  4141 | D:3      | Noticed a scorpion
  4161 | D:3      | Killed a scorpion
  4162 | D:3      | Reached skill level 4 in Transmutations
  4162 | D:3      | Reached skill level 1 in Ice Magic
  4162 | D:3      | Reached XP level 5. HP: 7/22 MP: 7/10
  5238 | D:3      | Gained mutation: You are covered in thick fur. (AC +2)
                  | [Felid growth]
  5238 | D:3      | Reached XP level 6. HP: 21/26 MP: 8/11
  5249 | D:2      | Reached ** piety under Dithmenos
  5738 | D:2      | Learned a level 4 spell: Ice Form
  6259 | D:3      | Found a runed translucent door.
  6260 | D:3      | Noticed Crazy Yiuf
  6267 | D:3      | Killed from afar by Crazy Yiuf
  6268 | D:3      | Reached XP level 5. HP: 0/22 MP: 8/10
  6297 | D:3      | Killed Crazy Yiuf
  6496 | D:4      | Reached skill level 5 in Transmutations
  6645 | D:4      | Reached XP level 6. HP: 23/26 MP: 5/11
  7252 | D:4      | Noticed Ijyb
  7262 | D:4      | Killed from afar by Ijyb

Illustrated notes

Levels and vault maps discovered:
D:1:      wander_arrival_peaceful_grave, layout_loops_corners
D:2:      layout_basic, basic_altar, basic_ecumenical_altar,
          lightli_corner_chamber
D:3:      layout_rooms, uniq_crazy_yiuf_cottage
D:4:      layout_loops_ring, grunt_ministairs_9,
          eino_small_chamber_without_monster, minmay_close_crescents, uniq_ijyb

Skill      XL: |  1  2  3  4  5 |
---------------+----------------+-----
Fighting       | 2 |  2.1
Transmutations | 3 4 5 |  5.5
Ice Magic      | 1 3 |  3.5
Dodging        | |  2.6
Unarmed Combat | |  3.6
Spellcasting   | |  2.7

Action                   |  1- 3 |  4- 6 || total
-------------------------+-------+-------++-------
Melee: Unarmed           |   109 |   174 ||   283
       Headbutt          |    15 |    12 ||    27
       Punch             |     1 |     2 ||     3
       Bite              |     8 |     5 ||    13
 Cast: Beastly Appendage |    41 |    18 ||    59
       Wereblood         |     6 |     3 ||     9
       Spider Form       |       |    20 ||    20
       Ice Form          |       |     1 ||     1
 Abil: End Transformatio |       |     1 ||     1
  Use: Potion            |       |     5 ||     5
       Scroll            |       |     3 ||     3
 Stab: Sleeping          |     2 |       ||     2
Armor: Skin              |     4 |    16 ||    20
Dodge: Dodged            |    73 |   166 ||   239

Table legend: (Time is in decaauts)
 A = Elapsed time spent in this place.
 B = Non-inter-level travel time spent in this place.
 C = Inter-level travel time spent in this place.
 D = Time resting spent in this place.
 E = Time spent auto-exploring this place.
 F = Levels seen in this place.
 G = Mean time per level.
                   A        B        C        D        E       F      G
               +--------+--------+--------+--------+--------+-----+--------+
         Total |   6739 |   6584 |    155 |   2313 |   3070 |   4 | 1684.8 |
       Dungeon |   6739 |   6584 |    155 |   2313 |   3070 |   4 | 1684.8 |
               +--------+--------+--------+--------+--------+-----+--------+

Top non-repeatable levels by time:
     D:2: 3004 daAuts
     D:1: 1669 daAuts
     D:3: 1336 daAuts
     D:4: 730 daAuts
